 Dungeon Crawl Stone Soup version 0.27-a0-1006-g1fd4cec11e (webtiles) character file.

Game seed: 7039229642810402414

426 siradein the Slasher (level 6, -2/44 HPs)
             Began as a Demonspawn Gladiator on Apr 18, 2021.
             Slain by a water moccasin (3 damage)
             ... on level 4 of the Dungeon.
             The game lasted 00:09:36 (3992 turns).

siradein the Slasher (Demonspawn Gladiator)         Turns: 3992, Time: 00:09:38

Health: -2/44      AC: 13    Str: 16    XL:     6   Next: 64%
Magic:  6/6        EV:  2    Int: 10    God:
Gold:   165        SH:  7    Dex: 14    Spells: 5/5 levels left

rFire    . . .     SeeInvis .   a - +0 long sword
rCold    . . .     Faith    .   t - +0 kite shield
rNeg     . . .     Spirit   .   u - +0 plate armour
rPois    .         Reflect  .   p - +1 hat {Will+}
rElec    .         Harm     .   (no cloak)
rCorr    .         Rampage  .   (no gloves)
Will     +....                  (no boots)
Stlth    ..........             v - amulet of the acrobat
HPRegen  0.14/turn              (no ring)
MPRegen  0.20/turn              (no ring)

@: lethally poisoned (-2 -> -19), attractive
A: antennae 1, slimy green scales 1, magic regeneration
a: no special abilities


You were on level 4 of the Dungeon.
You visited 1 branch of the dungeon, and saw 5 of its levels.

You collected 165 gold pieces.

Inventory:

Hand Weapons
 a - a +0 long sword (weapon)
Missiles
 d - 3 throwing nets (quivered)
 i - 10 poisoned darts
 r - 7 atropa-tipped darts
Armour
 p - a +1 hat of willpower (worn)
 t - a +0 kite shield (worn)
 u - a +0 plate armour (worn)
Jewellery
 c - a ring of wizardry
 v - an amulet of the acrobat (around neck)
Scrolls
 h - 2 scrolls of fear {unknown}
 k - a scroll of torment {unknown}
 l - a scroll of magic mapping {unknown}
 n - a scroll of teleportation {unknown}
 o - 5 scrolls of identify {unknown}
Potions
 b - a potion of degeneration {unknown}
 e - a potion of might {unknown}
 f - a potion of attraction
 g - a potion of berserk rage {unknown}
 j - 2 potions of flight {unknown}
 m - 2 potions of curing {unknown}
 q - a potion of brilliance {unknown}
 s - a potion of magic {unknown}
 w - a potion of mutation {unknown}


   Skills:
 - Level 2.0 Fighting
 + Level 6.9 Long Blades
 - Level 1.7 Throwing
 - Level 2.6 Dodging


You had 5 spell levels left.
You didn't know any spells.
Your spell library contained the following spells:

 Spells                   Type           Power      Damage    Failure   Level
 Magic Dart               Conj           0%         1d3       100%        1
 Shock                    Conj/Air       0%         1d3       100%        1
 Searing Ray              Conj           0%         3d3       100%        2
 Static Discharge         Conj/Air       0%         N/A       100%        2
 Dazzling Flash           Conj/Hex       0%         N/A       100%        3
 Swiftness                Air            0%         N/A       100%        3
 Airstrike                Air            0%         N/A       100%        4
 Fulminant Prism          Conj/Hex       0%         3d6       100%        4
 Iskenderun's Mystic Bla  Conj/Tloc      0%         2d3       100%        4
 Lightning Bolt           Conj/Air       0%         1d11      100%        5


Dungeon Overview and Level Annotations

Branches:
Dungeon (5/15)
 Temple: D:4-7

Altars:
Wu Jian

Shops:
D:3 (


Innate Abilities, Weirdness & Mutations

You have a pair of small antennae on your head.
You are partially covered in slimy green scales. (AC +2)
You regenerate magic rapidly.


Message History

You hit the water moccasin.
The water moccasin is heavily wounded.
The water moccasin bites you but does no damage.
You block the water moccasin's attack.
You hit the water moccasin.
The water moccasin is severely wounded.
The water moccasin bites you.
You are poisoned.
The water moccasin poisons you!
The water moccasin bites you but does no damage.
You hit the water moccasin.
The water moccasin is severely wounded.
You feel very sick. You block the water moccasin's attack.
You closely miss the water moccasin.
The water moccasin is severely wounded.
You feel sick. The water moccasin bites you.
The water moccasin completely misses you.
You closely miss the water moccasin.
The water moccasin is severely wounded.
You feel sick.
The water moccasin bites you but does no damage.
The water moccasin bites you.
You miss the water moccasin.
The water moccasin is severely wounded.
You feel sick. You block the water moccasin's attack.
The water moccasin bites you.
Your shield prevents you from hitting the water moccasin.
The water moccasin is severely wounded.
You feel sick. The water moccasin bites you.
* * * LOW HITPOINT WARNING * * *
You are lethally poisoned!
The water moccasin poisons you! The water moccasin bites you.
* * * LOW HITPOINT WARNING * * *
It was a potion of attraction.
You feel attractive to monsters.
* * * LOW HITPOINT WARNING * * *
You feel very sick. The water moccasin bites you.
You die...

##..........#####.............#
###........# #...#..........#
#........####.#....^.......#
####................#.........#
#...........##........##......#
..#.................#.....#####
###.........##.......>....#
.................S........#
..#.######.##...@.........#
#....#####.##.............#
#........#.##..>.........##
#.######...........#.....######
#.#######...##.###...##(......#
...............# ###.##.......#
#..............#####..........#
.##.###.#............##)###.###
........#.#####.####...).##.#


You could see a water moccasin.

Vanquished Creatures
  A necrophage (D:4)
  A howler monkey (D:4)
  A hound (D:4)
  A jelly (D:5)
  An orc wizard (D:4)
  7 gnolls
  4 adders
  A shadow imp (D:5)
  2 worms
  2 dart slugs (D:3)
  3 orcs
  10 endoplasms
  7 goblins
  6 hobgoblins
  16 jackals
  5 quokkas
  5 ball pythons
  7 bats
  3 frilled lizards
  8 kobolds
  3 rats
94 creatures vanquished.

Notes
Turn   | Place    | Note
-------+----------+-------------------------------------------
     0 | D:1      | siradein the Demonspawn Gladiator began the quest for the
                  | Orb.
     0 | D:1      | Reached XP level 1. HP: 16/16 MP: 1/1
    71 | D:1      | Reached skill level 3 in Long Blades
   154 | D:1      | Found a faded altar of an unknown god.
   170 | D:1      | Gained mutation: You regenerate magic rapidly. [demonic
                  | ancestry]
   170 | D:1      | Reached XP level 2. HP: 14/22 MP: 2/2
   727 | D:1      | Gained mutation: You have a pair of small antennae on your
                  | head. [demonic ancestry]
   727 | D:1      | Reached XP level 3. HP: 23/27 MP: 3/3
  1134 | D:2      | Reached skill level 4 in Long Blades
  1312 | D:2      | Gained mutation: You are partially covered in slimy green
                  | scales. (AC +2) [demonic ancestry]
  1312 | D:2      | Reached XP level 4. HP: 31/33 MP: 4/4
  2119 | D:3      | Reached skill level 5 in Long Blades
  2276 | D:3      | Found an ornate altar of the Wu Jian Council.
  2357 | D:3      | Reached XP level 5. HP: 38/38 MP: 5/5
  2366 | D:3      | Found Unkyats's Weapon Boutique.
  2991 | D:4      | Reached skill level 6 in Long Blades
  3163 | D:4      | Noticed a necrophage
  3195 | D:4      | Killed a necrophage
  3196 | D:4      | Reached XP level 6. HP: 19/44 MP: 6/6
  3753 | D:5      | Entered Level 5 of the Dungeon
  3958 | D:5      | Noticed a water moccasin
  3992 | D:4      | HP: 1/44 [poisoned by a water moccasin]
  3992 | D:4      | Slain by a water moccasin

Illustrated notes

Levels and vault maps discovered:
D:1:      dpeg_arrival_pits, layout_basic, ebering_ecumenical_altar_sacrificial
D:2:      layout_loops_ring, kennysheep_generic_room_8
D:3:      layout_basic, lemuel_crystal_altar, serial_shops, nicolae_shop_trees
D:4:      layout_rooms
D:5:      layout_basic, nemelex_diamond_rough_becter, trog_butcher_becter,
          nicolae_elemental_shop, corner_web_ring,
          hangedman_abyss_or_decor_slice, amcnicky_mini_rare_corridor_liquid,
          sigmund_army, uniq_blork_the_orc

Skill      XL: |  1  2  3  4  5 |
---------------+----------------+-----
Long Blades    | 3 4 5 6 |  6.9
Fighting       | |  2.0
Throwing       | |  1.7
Dodging        | |  2.6

Action                   |  1- 3 |  4- 6 || total
-------------------------+-------+-------++-------
Melee: Long sword        |   101 |   242 ||   343
  Use: Potion            |       |     1 ||     1
Armor: Leather armour    |    23 |       ||    23
       Chain mail        |    13 |    70 ||    83
       Plate armour      |       |   101 ||   101
Dodge: Dodged            |    58 |    61 ||   119
Block: Kite shield       |       |    56 ||    56
       Rpst.: Long sword |    19 |    16 ||    35

Table legend: (Time is in decaauts)
 A = Elapsed time spent in this place.
 B = Non-inter-level travel time spent in this place.
 C = Inter-level travel time spent in this place.
 D = Time resting spent in this place.
 E = Time spent auto-exploring this place.
 F = Levels seen in this place.
 G = Mean time per level.
                   A        B        C        D        E       F      G
               +--------+--------+--------+--------+--------+-----+--------+
         Total |   4084 |   4005 |     79 |     11 |   3135 |   5 |  816.8 |
       Dungeon |   4084 |   4005 |     79 |     11 |   3135 |   5 |  816.8 |
               +--------+--------+--------+--------+--------+-----+--------+

Top non-repeatable levels by time:
     D:4: 1195 daAuts
     D:1: 1112 daAuts
     D:2: 966 daAuts
     D:3: 583 daAuts
     D:5: 225 daAuts
